3AAA
BRINKLEY BELUGAS @ ALASKAN HUMPBACKS
08/08/2025
 
TOP OF THE 1ST
Brinkley Belugas batting - Pitching for Alaskan Humpbacks : RHP Mario Ruíz
Pitching: RHP Mario Ruíz
Batting: RHB Randy Tucker 0-0: Ball
1-0: Foul Ball, location: 2F
1-1: Foul Ball, location: 2F
1-2: SINGLE (Groundball, 56) (infield hit)
Batting: RHB Jay Kidd 0-0: Ball
1-0: Ground out U3 (Groundball, 23)
Randy Tucker to second
Batting: RHB Reggie Kahn 0-0: Ball
1-0: Called Strike
Randy Tucker steals 3rd base
1-1: Foul Ball, location: 2F
1-2: Ball
2-2: Fly out, F8 (Flyball, 8RM)
Runner from 3rd tags up, SCORES, no throw
Batting: LHB Eric Porter 0-0: Foul Ball, location: 2F
0-1: Called Strike
0-2: Strikes out looking
Top of the 1st over - 1 run(s), 1 hit(s), 0 error(s), 0 left on base; Brinkley 1 - Alaskan 0
BOTTOM OF THE 1ST
Alaskan Humpbacks batting - Pitching for Brinkley Belugas : LHP Myles Wilkerson
Pitching: LHP Myles Wilkerson
Batting: LHB Ray Merrill 0-0: Ball
1-0: Foul Ball, location: 2F
1-1: Ground out U3 (Groundball, 34)
Batting: RHB Pablo Marrero 0-0: Foul Ball, location: 2F
0-1: Fly out, F8 (Flyball, 8RS)
Batting: RHB Roberto Escues 0-0: Ball
1-0: Called Strike
1-1: Ball
2-1: Swinging Strike
2-2: Ball
3-2: SINGLE (Line Drive, 9S)
Batting: RHB Román Centena 0-0: Ball
1-0: Fly out, F4 (Line Drive, 4)
Bottom of the 1st over - 0 run(s), 1 hit(s), 0 error(s), 1 left on base; Brinkley 1 - Alaskan 0
TOP OF THE 2ND
Brinkley Belugas batting - Pitching for Alaskan Humpbacks : RHP Mario Ruíz
Batting: RHB Steve Jones 0-0: Ball
1-0: Ball
2-0: Fly out, F7 (Flyball, 78D)
Batting: RHB Jason Weston 0-0: Ball
1-0: Ball
2-0: Foul Ball, location: 2F
2-1: Fly out, F8 (Flyball, 8RM)
Batting: SHB Noel King 0-0: Ball
1-0: Ball
2-0: Ball
3-0: Base on Balls
Batting: RHB Parker Smith 0-0: Called Strike
0-1: Swinging Strike
0-2: Ball
1-2: Strikes out looking
Top of the 2nd over - 0 run(s), 0 hit(s), 0 error(s), 1 left on base; Brinkley 1 - Alaskan 0
BOTTOM OF THE 2ND
Alaskan Humpbacks batting - Pitching for Brinkley Belugas : LHP Myles Wilkerson
Batting: SHB Tony Martínez 0-0: Foul Ball, location: 2F
0-1: Ball
1-1: Foul Ball, location: 2F
1-2: Ball
2-2: Strikes out looking
Batting: RHB Thom Beach 0-0: Ball
1-0: Bunt - Flyout! F2
Batting: RHB Jack Peck 0-0: Ball
1-0: Ground out 5-3 (Groundball, 56S)
Bottom of the 2nd over - 0 run(s), 0 hit(s), 0 error(s), 0 left on base; Brinkley 1 - Alaskan 0
TOP OF THE 3RD
Brinkley Belugas batting - Pitching for Alaskan Humpbacks : RHP Mario Ruíz
Batting: RHB Tom Christensen 0-0: Ball
1-0: Swinging Strike
1-1: Ball
2-1: Ground out 4-3 (Groundball, 4M)
Batting: RHB Randy Tucker 0-0: Called Strike
0-1: Called Strike
0-2: Ball
1-2: Ball
2-2: Ball
3-2: Fly out, F9 (Flyball, 9S)
Batting: RHB Jay Kidd 0-0: Swinging Strike
0-1: Ball
1-1: Ball
2-1: Ball
3-1: Called Strike
3-2: Base on Balls
Batting: RHB Reggie Kahn 0-0: Ball
1-0: Ball
2-0: Called Strike
2-1: Ball
3-1: Base on Balls
Jay Kidd to second
Batting: LHB Eric Porter 0-0: Ball
Wild Pitch!
Jay Kidd to third
Reggie Kahn to second
1-0: Foul Ball, location: 2F
1-1: Fly out, F5 (Popup, 56)
Top of the 3rd over - 0 run(s), 0 hit(s), 0 error(s), 2 left on base; Brinkley 1 - Alaskan 0
BOTTOM OF THE 3RD
Alaskan Humpbacks batting - Pitching for Brinkley Belugas : LHP Myles Wilkerson
Batting: RHB Néstor Berino 0-0: Called Strike
0-1: Fly out, F8 (Flyball, 8RM)
Batting: LHB Miguel Martínez 0-0: Ball
1-0: Foul Ball, location: 2F
1-1: Ball
2-1: Ground out 4-3 (Groundball, 4)
Batting: LHB Ray Merrill 0-0: Ball
1-0: Ball
2-0: Ball
3-0: Base on Balls
Batting: RHB Pablo Marrero 0-0: Foul Ball, location: 2F
0-1: Ball
1-1: Ball
2-1: Fly out, F7 (Flyball, 7)
Bottom of the 3rd over - 0 run(s), 0 hit(s), 0 error(s), 1 left on base; Brinkley 1 - Alaskan 0
TOP OF THE 4TH
Brinkley Belugas batting - Pitching for Alaskan Humpbacks : RHP Mario Ruíz
Batting: RHB Steve Jones 0-0: Ball
1-0: Foul Ball, location: 2F
1-1: Foul Ball, location: 2F
1-2: SINGLE (Groundball, 13S) (infield hit)
Batting: RHB Jason Weston 0-0: Ball
1-0: Called Strike
1-1: Ball
Steve Jones is caught stealing 2nd base
2-1: Fly out, F8 (Flyball, 8RM)
Batting: SHB Noel King 0-0: Called Strike
0-1: Called Strike
0-2: Foul Ball, location: 2F
0-2: Ball
1-2: Ball
2-2: Foul Ball, location: 2F
2-2: Strikes out swinging
Top of the 4th over - 0 run(s), 1 hit(s), 0 error(s), 0 left on base; Brinkley 1 - Alaskan 0
BOTTOM OF THE 4TH
Alaskan Humpbacks batting - Pitching for Brinkley Belugas : LHP Myles Wilkerson
Batting: RHB Roberto Escues 0-0: Called Strike
0-1: Foul Ball, location: 2F
0-2: Ball
1-2: Fly out, F9 (Flyball, 9)
Batting: RHB Román Centena 0-0: Ball
1-0: Fly out, F4 (Flyball, 34D)
Batting: SHB Tony Martínez 0-0: Called Strike
0-1: Foul Ball, location: 2F
0-2: Ground out 4-3 (Groundball, 4S)
Bottom of the 4th over - 0 run(s), 0 hit(s), 0 error(s), 0 left on base; Brinkley 1 - Alaskan 0
TOP OF THE 5TH
Brinkley Belugas batting - Pitching for Alaskan Humpbacks : RHP Mario Ruíz
Batting: RHB Parker Smith 0-0: Ball
1-0: Swinging Strike
1-1: SINGLE (Line Drive, 6MD)
Batting: RHB Tom Christensen 0-0: Ball
1-0: Sac Bunt - play at second, runner safe!
Batting: RHB Randy Tucker 0-0: Bunt missed!
0-1: Sac Bunt - play at first, batter OUT! 5-4
Parker Smith to third
Tom Christensen to second
Batting: RHB Jay Kidd 0-0: Swinging Strike
0-1: Fly out, F4 (Line Drive, 4)
Batting: RHB Reggie Kahn 0-0: Ball
1-0: Ball
2-0: Swinging Strike
2-1: Foul Ball, location: 2F
2-2: Foul Ball, location: 2F
2-2: Ball
3-2: Foul Ball, location: 2F
3-2: Base on Balls
Pitching: RHP George Ferguson
Batting: LHB Eric Porter 0-0: Ball
1-0: Ball
2-0: Foul Ball, location: 2F
2-1: Swinging Strike
2-2: Ball
3-2: Base on Balls
Parker Smith scores
Tom Christensen to third
Reggie Kahn to second
Batting: RHB Steve Jones 0-0: Ball
1-0: Foul Ball, location: 2F
1-1: Ball
2-1: Ground out 1-3 (Groundball, 13S)
Top of the 5th over - 1 run(s), 1 hit(s), 0 error(s), 3 left on base; Brinkley 2 - Alaskan 0
BOTTOM OF THE 5TH
Alaskan Humpbacks batting - Pitching for Brinkley Belugas : LHP Myles Wilkerson
Batting: RHB Thom Beach 0-0: Ball
1-0: Swinging Strike
1-1: Ball
2-1: Ball
3-1: Called Strike
3-2: Fly out, F9 (Flyball, 9S)
Batting: RHB Jack Peck 0-0: Ball
1-0: Ball
2-0: Ball
3-0: Base on Balls
Batting: RHB Néstor Berino 0-0: Called Strike
0-1: Ball
1-1: Foul Ball, location: 2F
1-2: Foul Ball, location: 2F
1-2: Fly out, F7 (Flyball, 78D)
Batting: LHB Miguel Martínez 0-0: SINGLE (Groundball, 34) (infield hit)
Jack Peck to second
Batting: LHB Ray Merrill 0-0: Called Strike
0-1: Swinging Strike
0-2: Ball
1-2: Ball
2-2: Foul Ball, location: 2F
2-2: DOUBLE (Groundball, 3L)
Jack Peck scores
Miguel Martínez to third
Runner from 3rd tries for Home, SAFE, no throw
Batting: RHB Pablo Marrero 0-0: Called Strike
0-1: Ball
1-1: Ground out 5-3 (Groundball, 56)
Bottom of the 5th over - 2 run(s), 2 hit(s), 0 error(s), 1 left on base; Brinkley 2 - Alaskan 2
TOP OF THE 6TH
Brinkley Belugas batting - Pitching for Alaskan Humpbacks : RHP George Ferguson
Batting: RHB Jason Weston 0-0: Fly out, F8 (Flyball, 8RS)
Batting: SHB Noel King 0-0: Ball
1-0: Foul Ball, location: 2F
1-1: Ball
2-1: SINGLE (Line Drive, 5S)
Batting: RHB Parker Smith 0-0: Ball
1-0: Called Strike
Noel King steals 2nd base
1-1: SINGLE (Line Drive, 34D)
Noel King to third
Runner from 3rd tries for Home, SAFE, no throw
Batting: RHB Tom Christensen 0-0: Ball
1-0: Foul Ball, location: 2F
1-1: Ball
2-1: Ball
3-1: Called Strike
3-2: Strikes out swinging
Parker Smith steals 2nd base
Batter strikes out.
Batting: RHB Randy Tucker 0-0: Foul Ball, location: 2F
0-1: Ball
1-1: Fly out, F7 (Line Drive, 78M)
Top of the 6th over - 1 run(s), 2 hit(s), 0 error(s), 1 left on base; Brinkley 3 - Alaskan 2
BOTTOM OF THE 6TH
Alaskan Humpbacks batting - Pitching for Brinkley Belugas : LHP Myles Wilkerson
Batting: RHB Roberto Escues 0-0: Ball
1-0: Ball
2-0: Ball
3-0: Called Strike
3-1: Base on Balls
Batting: RHB Román Centena 0-0: Ball
1-0: SINGLE (Flyball, 9LS)
Roberto Escues to second
Throwing error, E9
Roberto Escues scores
Román Centena to second
Batting: SHB Tony Martínez 0-0: SINGLE (Line Drive, 6D)
Román Centena to third
Batting: RHB Thom Beach 0-0: Called Strike
Tony Martínez is caught stealing 2nd base
0-1: Ball
1-1: Ball
2-1: Swinging Strike
2-2: Ball
3-2: SINGLE (Groundball, 6D)
Román Centena scores
Batting: RHB Jack Peck 0-0: Ball
1-0: Called Strike
1-1: Called Strike
1-2: Strikes out looking
Batting: RHB Néstor Berino 0-0: SINGLE (Line Drive, 9S)
Thom Beach to second
Batting: LHB Miguel Martínez 0-0: Called Strike
0-1: Foul Ball, location: 2F
0-2: Strikes out looking
Bottom of the 6th over - 2 run(s), 4 hit(s), 1 error(s), 2 left on base; Brinkley 3 - Alaskan 4
TOP OF THE 7TH
Brinkley Belugas batting - Pitching for Alaskan Humpbacks : RHP George Ferguson
Batting: RHB Jay Kidd 0-0: Ball
1-0: SINGLE (Flyball, 8RS)
Batting: RHB Reggie Kahn 0-0: Foul Ball, location: 2F
0-1: SINGLE (Groundball, 3) (infield hit)
Jay Kidd to second
Batting: LHB Eric Porter 0-0: Ball
1-0: Ball
2-0: SINGLE (Line Drive, 34D)
Jay Kidd to third
Reggie Kahn to second
Runner from 3rd tries for Home, throw and OUT!
Pinch Hitting: RHB Brandon Cole 0-0: Ball
1-0: Ball
2-0: Ball
3-0: Called Strike
3-1: Base on Balls
Reggie Kahn to third
Eric Porter to second
Batting: RHB Jason Weston 0-0: Ball
1-0: GRAND SLAM HOME RUN (Flyball, 7D), Distance : 404 ft
Pitching: RHP Mike Russell
Batting: SHB Noel King 0-0: Ball
1-0: Ball
2-0: Foul Ball, location: 2F
2-1: Swinging Strike
2-2: Ball
3-2: DOUBLE (Line Drive, 89D)
Batting: RHB Parker Smith 0-0: Called Strike
0-1: Foul Ball, location: 2F
0-2: Foul Ball, location: 2F
0-2: Ball
1-2: Ball
2-2: Ground out 5-3 (Groundball, 56)
Batting: RHB Tom Christensen 0-0: Ball
1-0: Called Strike
1-1: Ball
2-1: Ball
3-1: Called Strike
3-2: SINGLE (Groundball, 56D)
Noel King to third
Noel King scores
Batting: RHB Randy Tucker 0-0: Ball
1-0: Called Strike
1-1: Ball
2-1: Ball
Tom Christensen steals 2nd base
3-1: Ground out 3-1 (Groundball, 34)
Top of the 7th over - 5 run(s), 6 hit(s), 0 error(s), 1 left on base; Brinkley 8 - Alaskan 4
BOTTOM OF THE 7TH
Alaskan Humpbacks batting - Pitching for Brinkley Belugas : LHP Myles Wilkerson
Now in RF: Roberto Ruíz
Batting: LHB Ray Merrill 0-0: Ball
1-0: Ball
2-0: Ball
3-0: Base on Balls
Batting: RHB Pablo Marrero 0-0: SINGLE (Line Drive, 56D)
Ray Merrill to second
Batting: RHB Roberto Escues 0-0: Ball
1-0: Called Strike
1-1: Called Strike
1-2: Strikes out swinging
Batting: RHB Román Centena 0-0: Called Strike
0-1: Ball
1-1: Called Strike
1-2: Ball
2-2: Ball
3-2: Strikes out looking
Pitching: RHP Júlio Peña
Batting: SHB Tony Martínez 0-0: Ball
1-0: Ball
2-0: Ball
3-0: Base on Balls
Ray Merrill to third
Pablo Marrero to second
Batting: RHB Thom Beach 0-0: Ball
1-0: Foul Ball, location: 2F
1-1: Fielders Choice at 2nd, 6-4 (Groundball, 6)
Bottom of the 7th over - 0 run(s), 1 hit(s), 0 error(s), 2 left on base; Brinkley 8 - Alaskan 4
TOP OF THE 8TH
Brinkley Belugas batting - Pitching for Alaskan Humpbacks : RHP Mike Russell
Batting: RHB Jay Kidd 0-0: Ball
1-0: Ball
2-0: Ball
3-0: Base on Balls
Batting: RHB Reggie Kahn 0-0: Ball
1-0: Ball
2-0: Ball
3-0: Base on Balls
Jay Kidd to second
Batting: LHB Eric Porter 0-0: DOUBLE (Line Drive, 9LS)
Jay Kidd scores
Reggie Kahn to third
Runner from 3rd tries for Home, SAFE, throw made home
Batting: RHB Roberto Ruíz 0-0: Ball
1-0: Ball
Wild Pitch!
Eric Porter to third
2-0: Foul Ball, location: 2F
2-1: Ball
3-1: Base on Balls
Batting: RHB Jason Weston 0-0: Ball
1-0: Swinging Strike
1-1: Grounds into double play, 6-4-3 (Groundball, 6)
Eric Porter scores
Pitching: RHP Fernando Peralta
Batting: SHB Noel King 0-0: Called Strike
0-1: Swinging Strike
0-2: Ball
1-2: Ball
2-2: Foul Ball, location: 2F
2-2: Foul Ball, location: 2F
2-2: Ball
3-2: Base on Balls
Batting: RHB Parker Smith 0-0: Foul Ball, location: 2F
0-1: Called Strike
0-2: Ball
1-2: Ball
2-2: Ball
3-2: Base on Balls
Noel King to second
Batting: RHB Tom Christensen 0-0: Ball
1-0: Ball
2-0: Fly out, F8 (Flyball, 8RS)
Top of the 8th over - 3 run(s), 1 hit(s), 0 error(s), 2 left on base; Brinkley 11 - Alaskan 4
BOTTOM OF THE 8TH
Alaskan Humpbacks batting - Pitching for Brinkley Belugas : RHP Júlio Peña
Batting: RHB Jack Peck 0-0: SINGLE (Line Drive, 8LS)
Batting: RHB Néstor Berino 0-0: Ball
1-0: Grounds into double play, 1-4-3 (Groundball, 15S)
Batting: LHB Miguel Martínez 0-0: Ball
1-0: Swinging Strike
1-1: Ball
2-1: Ball
3-1: Foul Ball, location: 2F
3-2: Ground out 3-1 (Groundball, 34)
Bottom of the 8th over - 0 run(s), 1 hit(s), 0 error(s), 0 left on base; Brinkley 11 - Alaskan 4
TOP OF THE 9TH
Brinkley Belugas batting - Pitching for Alaskan Humpbacks : RHP Fernando Peralta
Batting: RHB Randy Tucker 0-0: Called Strike
0-1: Ball
1-1: Ball
2-1: Ball
3-1: Foul Ball, location: 2F
3-2: Strikes out swinging
Batting: RHB Jay Kidd 0-0: SINGLE (Groundball, 56S) (infield hit)
Pitching: RHP Wing-tat Ke
Batting: RHB Reggie Kahn 0-0: Ball
1-0: Ball
2-0: Foul Ball, location: 2F
2-1: Fly out, F7 (Flyball, 7S)
Batting: LHB Eric Porter 0-0: Ball
1-0: Foul Ball, location: 2F
1-1: Ball
2-1: Ball
3-1: Fly out, F8 (Line Drive, 89D)
Top of the 9th over - 0 run(s), 1 hit(s), 0 error(s), 1 left on base; Brinkley 11 - Alaskan 4
BOTTOM OF THE 9TH
Alaskan Humpbacks batting - Pitching for Brinkley Belugas : RHP Júlio Peña
Now at 1B: Manny Carbajal
Batting: LHB Ray Merrill 0-0: Called Strike
0-1: Ground out 4-3 (Groundball, 4)
Batting: RHB Pablo Marrero 0-0: Ball
1-0: Called Strike
1-1: Ball
2-1: Ball
3-1: Base on Balls
Batting: RHB Roberto Escues 0-0: Grounds into double play, 4-6-3 (Groundball, 4)
Bottom of the 9th over - 0 run(s), 0 hit(s), 0 error(s), 0 left on base; Brinkley 11 - Alaskan 4
Friday, December 30th, 2016 - OOTP Baseball 17.12 Build 75